 Dungeon Crawl Stone Soup version 0.20.1-1-g8b1a95d (console) character file.

636 hilaritas the Chiller (level 7, -5/36 HPs)
             Began as a Deep Elf Ice Elementalist on Nov 11, 2017.
             Slain by a gnoll
             ... wielding a +0 flail
              (9 damage)
             ... on level 4 of the Dungeon.
             The game lasted 00:11:38 (4846 turns).

hilaritas the Chiller (Deep Elf Ice Elementalist)   Turns: 4846, Time: 00:11:38

Health: -5/36      AC:  9    Str:  6    XL:     7   Next: 25%
Magic:  8/18       EV: 13    Int: 21    God:
Gold:   169        SH:  0    Dex: 15    Spells: 4/18 levels left

rFire    + . .     SeeInvis .   y - +2 short sword (speed)
rCold    . . .     Gourm    .   (no shield)
rNeg     . . .     Faith    .   a - +1 robe
rPois    +         Spirit   .   (no helmet)
rElec    .         Reflect  .   (no cloak)
rCorr    .         Harm     .   (no gloves)
MR       .....                  (no boots)
Stlth    ++........             (no amulet)
Regen    0.2/turn               s - ring of protection from fire
MPRegen  0.2/turn               u - ring of poison resistance

@: icy armour, very slightly contaminated, slow
A: no striking features
a: no special abilities


You were on level 4 of the Dungeon.
You were not hungry.

You visited 1 branch of the dungeon, and saw 4 of its levels.

You collected 169 gold pieces.

Inventory:

Hand Weapons
 f - a +0 dagger
 p - a +2 dagger of freezing
 y - a +2 short sword of speed (weapon)
Armour
 a - a +1 robe (worn)
Jewellery
 s - a ring of protection from fire (left hand)
 u - a ring of poison resistance (right hand)
Wands
 n - a wand of enslavement (4/24)
 v - a wand of enslavement (18/24)
Scrolls
 d - 2 scrolls of identify
 e - 2 scrolls of teleportation
 j - 2 scrolls of fear
 k - 2 scrolls of remove curse
 m - 2 scrolls of enchant weapon
 q - a scroll of fog
Potions
 g - 4 potions of heal wounds
 h - 2 potions of lignification {unknown}
 i - 2 potions of curing
 l - a potion of invisibility {unknown}
 r - 2 potions of ambrosia {unknown}
 t - 4 potions of magic {unknown}
 w - a potion of flight {unknown}
Books
 b - a book of Frost

   Spells                             Type                      Level
   a - Freeze                         Ice                          1
   b - Throw Frost                    Conjuration/Ice              2
   c - Ozocubu's Armour               Charms/Ice                   3
   d - Throw Icicle                   Conjuration/Ice              4
   e - Summon Ice Beast               Ice/Summoning                4
Comestibles
 c - 4 bread rations
 o - a royal jelly
 x - a fruit
 z - a meat ration
 A - 3 chunks of flesh


   Skills:
 - Level 2.4 Dodging
 - Level 2.4 Stealth
 - Level 6.0 Spellcasting
 * Level 3.2 Conjurations
 - Level 1.1 Charms
 * Level 1.8 Summonings
 * Level 7.0 Ice Magic


You had 4 spell levels left.
You knew the following spells:

 Your Spells              Type           Power        Failure   Level  Hunger
a - Freeze                Ice            ####         1%          1    None
b - Throw Frost           Conj/Ice       ####..       1%          2    None
c - Ozocubu's Armour      Chrm/Ice       ###.....     5%          3    ##.....
d - Throw Icicle          Conj/Ice       ####....     12%         4    ####...
e - Summon Ice Beast      Ice/Summ       ###.....     16%         4    ####...


Dungeon Overview and Level Annotations

Branches:
Dungeon (4/15)
 Temple: D:4-7

Altars:
Makhleb
Uskayaw
Zin

Shops:
D:3 *


Message History

a club x2; a stone; a kobold corpse; a goblin corpse
Casting: Freeze
Confirm with . or Enter, or press ? or * to list all spells.
Aiming: Freeze
Press: ? - help, Shift-Dir - straight line, f - goblin
Aim: a goblin, wielding a club You freeze the goblin.
You kill the goblin!
The gnoll hits you with a spear!
* * * LOW HITPOINT WARNING * * *
Unknown command.
Casting: Freeze
Confirm with . or Enter, or press ? or * to list all spells.
Aiming: Freeze
Press: ? - help, Shift-Dir - straight line, f - gnoll
Aim: a gnoll, wielding a flail You freeze the gnoll.
The gnoll is lightly wounded.
The gnoll hits you with a flail!
You die...

...###......(.(....(.. .
###########......
########......
#####.............
..................
##.....####..... #
####..#..#####. #.
#'##..'...#. ..
#..#..#...'.
..###'#####+#..##'#...#.
....'.g@(...().).(#...#.
...P#.g#....####)(#...#.
. ######.####..#)######.
#...'..# .#..#)'...#..
#...#..# .#'##.#...#..
#####.###'#..#.#####..
#.)'..#...#..#..'..#..
#.)#..#...#..#..#..#..
#####.#...#'##).#)###.
#..'.#)###)....#...'.
#.)#...)....##'#..(#.


You could see 2 gnolls.

Vanquished Creatures
  The ghost of hilaritas the Chiller, an amateur DEIE (D:4)
  A hound (D:4)
  3 orc priests
  Jessica (D:3)
  3 orc wizards
  A worker ant (D:4)
  9 adders
  4 gnolls (D:4)
  2 oozes
  An adder skeleton (D:3)
  A worm (D:4)
  11 dart slugs
  A leopard gecko (D:2)
  20 orcs
  4 giant cockroaches
  11 goblins
  14 hobgoblins
  2 jackals (D:2)
  17 kobolds
  2 quokkas
  A ball python (D:2)
  4 bats
  5 frilled lizards
  5 rats
124 creatures vanquished.

Notes
Turn   | Place    | Note
-------+----------+-------------------------------------------
     0 | D:1      | hilaritas the Deep Elf Ice Elementalist began the quest for the Orb.
     0 | D:1      | Reached XP level 1. HP: 10/10 MP: 6/6
   222 | D:1      | Reached skill level 4 in Ice Magic
   222 | D:1      | Reached XP level 2. HP: 15/15 MP: 6/8
   226 | D:1      | Learned a level 2 spell: Throw Frost
   874 | D:2      | Reached XP level 3. HP: 14/19 MP: 5/9
  1046 | D:2      | Learned a level 3 spell: Ozocubu's Armour
  1159 | D:2      | Found a burning altar of Makhleb.
  1170 | D:2      | Reached skill level 5 in Ice Magic
  1235 | D:2      | Reached XP level 4. HP: 20/24 MP: 6/10
  1393 | D:2      | Reached skill level 1 in Charms
  2523 | D:3      | Noticed Jessica
  2530 | D:3      | Killed Jessica
  2530 | D:3      | Reached XP level 5. HP: 22/28 MP: 10/14
  2561 | D:3      | Learned a level 4 spell: Throw Icicle
  2626 | D:3      | Reached skill level 5 in Spellcasting
  2698 | D:3      | Learned a level 4 spell: Summon Ice Beast
  2708 | D:3      | Found Zin's Purification Station.
  2710 | D:3      | Found a glowing silver altar of Zin.
  2811 | D:3      | Found a hide-covered altar of Uskayaw.
  3029 | D:3      | Reached XP level 6. HP: 21/32 MP: 10/17
  3859 | D:4      | Reached skill level 1 in Summonings
  3874 | D:4      | Reached skill level 6 in Ice Magic
  4377 | D:4      | Noticed hilaritas's ghost (amateur DEIE)
  4384 | D:4      | Killed hilaritas's ghost
  4384 | D:4      | Reached XP level 7. HP: 20/36 MP: 2/18
  4518 | D:4      | Reached skill level 7 in Ice Magic
  4846 | D:4      | Slain by a gnoll

Skill      XL: |  1  2  3  4  5  6  7 |
---------------+----------------------+-----
Ice Magic      | 4 5 6 7 |  7.0
Conjurations   | 2 3 |  3.2
Charms         | 1 |  1.1
Spellcasting   | 4 6 |  6.0
Summonings     | 1 |  1.8
Dodging        | |  2.4
Stealth        | |  2.4

Action                   |  1- 3 |  4- 6 |  7- 9 || total
-------------------------+-------+-------+-------++-------
Melee: Dagger            |       |    22 |       ||    22
       Short sword       |       |       |    18 ||    18
 Cast: Freeze            |    43 |   127 |    33 ||   203
       Throw Frost       |       |     3 |       ||     3
       Ozocubu's Armour  |       |     7 |     3 ||    10
  Use: Potion            |     1 |       |     1 ||     2
       Scroll            |       |     9 |       ||     9
  Eat: Chunk             |     1 |     9 |     2 ||    12
Armor: Robe              |     3 |    20 |     8 ||    31
Dodge: Dodged            |    19 |    65 |    37 ||   121
